 Dungeon Crawl Stone Soup version 0.30-a0-860-g512cf1e979 (webtiles) character file.

Game seed: 9636725598693061481

1995 Corto the Digger (level 9, -13/49 HPs)
             Began as a Gargoyle Earth Elementalist on Mar 8, 2023.
             Was an Initiate of Vehumet.
             Killed from afar by a manticore (24 damage)
             ... with a volley of spikes
             ... on level 7 of the Dungeon.
             The game lasted 00:17:54 (6327 turns).

Corto the Digger (Gargoyle Earth Elementalist)      Turns: 6327, Time: 00:17:54

Health: -13/49     AC: 13    Str: 12    XL:     9   Next: 21%
Magic:  16/16      EV: 12    Int: 23    God:    Vehumet [......]
Gold:   22         SH:  4    Dex: 10    Spells: 14/18 levels left

rFire   . . .      SeeInvis .    B - staff of earth
rCold   . . .      Faith    .    J - +0 buckler
rNeg    + . .      Spirit   .    a - +0 robe
rPois   ∞          Reflect  .    E - +1 helmet {Int+3}
rElec   +          Rampage  .    L - +0 cloak
rCorr   .                        H - +0 pair of gloves
Will    +....                    (no boots)
Stlth   ++                       l - amulet of magic regeneration
HPRegen 0.28/turn                y - ring of willpower
MPRegen 0.55/turn                (no ring)

@: spiked
A: sickness immunity, AC +6, negative energy resistance 1, electricity
resistance, torment resistance 1, petrification resistance
a: Renounce Religion


You were on level 7 of the Dungeon.
You worshipped Vehumet.
Vehumet was noncommittal.
You visited 2 branches of the dungeon, and saw 8 of its levels.

You collected 335 gold pieces.
You spent 313 gold pieces at shops.

Inventory:

Hand Weapons
 s - a +1 dagger of speed
 K - a +2 whip of freezing
Missiles
 G - 2 throwing nets
Armour
 a - a +0 robe (worn)
 E - a +1 helmet of intelligence (worn)
 H - a +0 pair of gloves (worn)
 J - a +0 buckler (worn)
 L - a +0 cloak (worn)
Magical Staves
 B - a staff of earth (weapon)
Jewellery
 l - an amulet of magic regeneration (around neck)
 y - a ring of willpower (left hand)
Wands
 r - a wand of polymorph (6)
 C - a wand of flame (22)
Scrolls
 d - 3 scrolls of identify {@r9}
 f - 4 scrolls of magic mapping
 g - a scroll of brand weapon
 h - 2 scrolls of amnesia
 j - 2 scrolls of teleportation {@r4}
 q - a scroll of blinking
Potions
 b - a potion of magic
 c - 2 potions of might
 e - 2 potions of flight
 o - 4 potions of lignification {!q}
 u - 2 potions of curing {@q1}
 x - a potion of brilliance
 z - a potion of invisibility
 A - 2 potions of cancellation
 I - a potion of haste {@q3}


   Skills:
 + Level 2.9 Fighting
 + Level 2.8 Maces & Flails
 + Level 3.0 Armour
 + Level 2.9 Dodging
 - Level 2.1 Stealth
 + Level 2.3 Shields
 + Level 5.1 Spellcasting
 + Level 5.0 Conjurations
 - Level 0.7 Transmutations
 + Level 2.1 Fire Magic
 + Level 7.2 Earth Magic
 + Level 2.5 Evocations


You had 14 spell levels left.
You knew the following spells:

 Your Spells              Type           Power      Damage    Failure   Level
a - Sandblast             Erth           100%       2d20      1%          1
b - Stone Arrow           Conj/Erth      100%       3d13      3%          3

Your spell library contained the following spells:

 Spells                   Type           Power      Damage    Failure   Level
 Passwall                 Tmut/Erth      30%        N/A       3%          2
 Necrotise                Necr           20%        1d5       12%         1
 Hailstorm                Conj/Ice       17%        3d6       13%         3
 Lesser Beckoning         Tloc           10%        N/A       19%         2
 Petrify                  Tmut/Erth      36%        N/A       24%         4
 Animate Armour           Summ/Erth      68%        N/A       26%         4
 Gell's Gravitas          Tloc           5%         N/A       36%         3
 Teleport Other           Tloc           5%         N/A       36%         3
 Vampiric Draining        Necr           5%         2d6       36%         3
 Ice Form                 Ice/Tmut       7%         N/A       71%         4
 Irradiate                Conj/Tmut      9%         3d14      71%         5
 Summon Lightning Spire   Summ/Air       5%         N/A       77%         4
 Agony                    Necr           5%         N/A       98%         5
 Simulacrum               Ice/Necr       2%         N/A       100%        6
 Storm Form               Tmut/Air       3%         N/A       100%        7
 Borgnjor's Revivificati  Necr           2%         N/A       100%        8
 Lehudib's Crystal Spear  Conj/Erth      25%        10d7      100%        8
 Maxwell's Capacitive Co  Air            2%         ∞         100%        8
 Necromutation            Tmut/Necr      3%         N/A       100%        8
 Death's Door             Necr           2%         N/A       100%        9
 Sublimation of Blood     Necr           Unusable   N/A       N/A         2

Dungeon Overview and Level Annotations

Branches:
Dungeon (7/15)             Temple (1/1) D:7

Altars:
Cheibriados
Hepliaklqana
Nemelex Xobeh
Okawaru
Qazlal
Ru
Sif Muna
Trog
Uskayaw
Vehumet
Wu Jian
Xom
Zin

Shops:
D:2 (   D:6 [?[[


Innate Abilities, Weirdness & Mutations

You are immune to sickness and miasma.
Your stone body is resilient. (AC +6)
You are immune to poison.
You resist negative energy. (rN+)
You are resistant to electric shocks. (rElec)
You are resistant to unholy torment.
You are immune to petrification.


Message History

You add the spell Irradiate to your library.
No target in view!
A killer bee, an orc priest, a wight, a vampire mosquito, a manticore and a black bear come into view.
The manticore flicks its tail.
The volley of spikes hits you.
The barbed spikes become lodged in your body.
You hear a shout!
You hear an angry hiss.
You hear a shout!
The killer bee buzzes angrily.
The orc priest shouts!
The black bear growls angrily.
The barbs in your skin will harm you if you move.
Continue?
Uppercase [Y]es or [N]o only, please.
The barbs in your skin will harm you if you move.
Continue?
The barbed spikes dig painfully into your body as you move.
You hear a croak.
The barbed spikes dig painfully into your body as you move.
The barbed spikes dig painfully into your body as you move.
The barbed spikes dig painfully into your body as you move.
The barbed spikes dig painfully into your body as you move.
You start resting.
You carefully extract the barbed spikes from your body.
You start resting.
A manticore is nearby!
Casting: Sandblast (safe; 1% risk of failure)
Confirm with . or Enter, or press ? or * to list all spells.
You feel a surge of power!
The blast of sand hits the manticore!
The manticore is moderately wounded.
The manticore flicks its tail.
The volley of spikes hits you.
The barbed spikes become lodged in your body.
The manticore flicks its tail.
The volley of spikes hits you!
The barbed spikes become lodged in your body.
* * * LOW HITPOINT WARNING * * *
You hear a croak.
You hear a shout!
You feel better.
You hear an angry hiss.
The manticore flicks its tail.
The volley of spikes hits you!!
The barbed spikes become lodged in your body.
You die...

███ █• ██ █•█♣♣•♣♣ •█
█•██!█♣•••♣ ♣♣♣♣♣♣
█•█••••█♣♣•♣♣ ♣••••
█•█•█•█<•••█♣•••♣ ♣•••
█•█•█•█••••█♣♣•♣♣ ♣••▲
▲ █•••█••••••█♣•••♣█
♣••█ y█
•█••█••••†•█•~~~•█♣♣••█


•o█ •█••••••>••••~~~•@••••█ z••█ •••••••••†•█•~~~•█♣♣H•█ Hy••█
••••†••••••█♣•••♣█ ♣••█••••h█ •••••••••••█♣♣•♣♣ ♣•••█ (••<•••••••█♣•••♣
♣••••••••• ••••••••██•█♣♣•♣♣ ♣••••••••• ••████•••••█ ••• ♣♣♣♣♣♣•♣♣♣ █• ••••••█
•♣ █ •••••••█ █ You could see a manticore.

Vanquished Creatures
  Pikel (D:6)
  A black bear (D:6)
  2 ogres (D:5)
  A lemure (D:6)
  A kobold brigand (D:4)
  2 phantoms
  2 bullfrogs (D:7)
  5 scorpions
  A howler monkey (D:4)
  Crazy Yiuf (D:6)
  2 hounds
  5 iguanas
  Ijyb (D:5)
  7 gnolls
  14 adders
  A white imp (D:6)
  2 worms
  2 dart slugs
  6 orcs
  2 endoplasms
  A giant cockroach (D:1)
  18 hobgoblins
  12 jackals
  29 kobolds
  5 quokkas
  7 ball pythons
  6 bats
  3 frilled lizards (D:1)
  14 goblins
  5 rats
159 creatures vanquished.

Vanquished Creatures (others)
  64 plants
64 creatures vanquished.

Grand Total: 223 creatures vanquished

Notes
Turn   | Place    | Note
-------+----------+-------------------------------------------
     0 | D:1      | Corto the Gargoyle Earth Elementalist began the quest for
                  | the Orb.
     0 | D:1      | Reached XP level 1. HP: 10/10 MP: 3/3
   380 | D:1      | Reached XP level 2. HP: 15/15 MP: 0/5
   385 | D:1      | Reached skill level 4 in Earth Magic
  1107 | D:2      | Reached XP level 3. HP: 19/19 MP: 4/6
  1111 | D:2      | Learned a level 3 spell: Stone Arrow
  1268 | D:2      | Found Qoxathiad's Antique Weapon Shoppe.
  1347 | D:2      | Reached skill level 1 in Conjurations
  1451 | D:2      | Reached XP level 4. HP: 24/24 MP: 5/8
  2035 | D:3      | Noticed a scorpion
  2055 | D:3      | Killed a scorpion
  2056 | D:3      | Reached skill level 5 in Earth Magic
  2056 | D:3      | Reached XP level 5. HP: 24/28 MP: 6/10
  2703 | D:4      | Reached XP level 6. HP: 32/32 MP: 9/11
  2894 | D:4      | Found a sacrificial altar of Ru.
  3038 | D:4      | Reached skill level 6 in Earth Magic
  3320 | D:4      | Reached XP level 7. HP: 8/36 MP: 9/13
  3834 | D:5      | Entered Level 5 of the Dungeon
  3897 | D:5      | Found a sparkling altar of Nemelex Xobeh.
  4436 | D:5      | Noticed Ijyb
  4452 | D:5      | Reached skill level 1 in Fighting
  4452 | D:5      | Reached skill level 1 in Maces & Flails
  4452 | D:5      | Reached skill level 1 in Armour
  4467 | D:5      | Killed Ijyb
  4468 | D:5      | Reached skill level 1 in Evocations
  4729 | D:5      | Reached XP level 8. HP: 16/43 MP: 12/14
  4913 | D:6      | Found Lefidd's Armour Shop.
  5066 | D:6      | Bought a +0 helmet of intelligence for 161 gold pieces
  5131 | D:6      | Found Ciucanae's Magic Scroll Emporium.
  5139 | D:6      | Bought a scroll of identify for 22 gold pieces
  5526 | D:6      | Found Jofeuduige's Antique Armour Emporium.
  5535 | D:6      | Bought a buckler for 130 gold pieces
  5558 | D:6      | Found Kiesofuk's Antique Armour Emporium.
  5582 | D:6      | Noticed Pikel
  5591 | D:6      | Killed Pikel
  5592 | D:6      | Reached skill level 1 in Shields
  5592 | D:6      | Reached skill level 5 in Spellcasting
  5592 | D:6      | Reached skill level 1 in Fire Magic
  5592 | D:6      | Reached skill level 7 in Earth Magic
  5727 | D:6      | Found a hide-covered altar of Uskayaw.
  5750 | D:6      | Reached XP level 9. HP: 49/49 MP: 14/16
  5772 | D:6      | Found a runed translucent door.
  5773 | D:6      | Noticed Crazy Yiuf
  6092 | D:6      | Found a shimmering blue altar of Sif Muna.
  6184 | D:6      | Killed Crazy Yiuf
  6253 | D:7      | Found a staircase to the Ecumenical Temple.
  6258 | D:7      | Reached skill level 5 in Conjurations
  6265 | Temple   | Entered the Ecumenical Temple
  6271 | Temple   | Became a worshipper of Vehumet
  6316 | D:7      | Noticed a manticore
  6327 | D:7      | Killed from afar by a manticore

Illustrated notes

Levels and vault maps discovered:
D:1:      saegor_arrival_under_anarchy, layout_basic
D:2:      minmay_evil_eye, layout_loops_ring, serial_shops,
          nicolae_shop_statue_plus
D:3:      layout_basic
D:4:      kennysheep_kobold_camp, layout_loops_ring, old_standard_altar,
          minmay_misc_feat_chi
D:5:      layout_gridville, nemelex_xobeh_ov_fountains_minmay, serial_glass,
          glass_columns_a, glass_columns_b, uniq_ijyb
D:6:      corexii_shantytown, layout_basic, mainiacjoe_overflow_brackets,
          kennysheep_little_box, serial_shops, nicolae_shop_advertising_works
          [nicolae_subvault_shop_adworks], nicolae_inconvenience_store,
          nicolae_shop_hallway_stairs, shop_statue, uniq_crazy_yiuf_cottage,
          uniq_pikel
D:7:      nzn_winding_woodlands_cross [nzn_winding_woodlands_5x15_concentric,
          nzn_winding_woodlands_5x15_zeroes, nzn_winding_woodlands_5x15_pool,
          nzn_winding_woodlands_5x15_crooked,
          nzn_winding_woodlands_15x15_killbox], layout_cave_pools,
          mainiacjoe_overflow_cross_hatched, mainiacjoe_overflow_tiny_flanked,
          mainiacjoe_overflow_surrounded_room, serial_co_window_serial,
          co_window_corner_a, co_window_of_opportunity_a, co_window_paths_a,
          co_window_paths_a, co_window_corner_a, co_window_paths_a,
          co_window_corner_a, co_window_unsneaky_path_b, co_window_4corner_a,
          glass_columns_c, glass_columns_c, glass_columns_a, glass_columns_b,
          glass_columns_a, chequers_serial_rivers_small_b
Temple:   hellmonk_temple_rainy

Skill      XL: |  1  2  3  4  5  6  7  8  9 |
---------------+----------------------------+-----
Earth Magic    | 4 5 6 7 |  7.2
Conjurations   | 1 2 3 4 5 |  5.0
Spellcasting   | 3 4 5 |  5.1
Fighting       | 1 2 |  2.9
Maces & Flails | 1 2 |  2.8
Armour         | 1 2 3 |  3.0
Evocations     | 1 2 |  2.5
Dodging        | 2 |  2.9
Shields        | 1 2 |  2.3
Fire Magic     | 1 2 |  2.1
Stealth        | |  2.1
Transmutations | |  0.7

Action                     |  1- 3 |  4- 6 |  7- 9 || total
---------------------------+-------+-------+-------++-------
  Melee: Unarmed           |     7 |       |       ||     7
         Short sword       |       |       |    28 ||    28
   Cast: Sandblast         |    46 |    96 |   131 ||   273
    Use: Scroll            |       |       |    20 ||    20
         Potion            |       |       |     1 ||     1
 Armour: Robe              |     4 |    17 |    17 ||    38
  Dodge: Dodged            |     8 |    30 |    41 ||    79
  Block: Buckler           |       |       |     1 ||     1

Table legend: (Time is in decaauts)
 A = Elapsed time spent in this place.
 B = Non-inter-level travel time spent in this place.
 C = Inter-level travel time spent in this place.
 D = Time resting spent in this place.
 E = Time spent auto-exploring this place.
 F = Levels seen in this place.
 G = Mean time per level.
                   A        B        C        D        E       F      G
               +--------+--------+--------+--------+--------+-----+--------+
         Total |   6460 |   6201 |    259 |     47 |   5150 |   8 |  807.5 |
       Dungeon |   6435 |   6176 |    259 |     47 |   5150 |   7 |  919.3 |
        Temple |     24 |     24 |      0 |      0 |      0 |   1 |   24.0 |
               +--------+--------+--------+--------+--------+-----+--------+

Top non-repeatable levels by time:
     D:6: 1413 daAuts
     D:4: 1175 daAuts
     D:1: 1119 daAuts
     D:5: 1054 daAuts
     D:2: 894 daAuts
     D:3: 724 daAuts
     D:7: 53 daAuts
  Temple: 24 daAuts
